 Dungeon Crawl Stone Soup version 0.29-a0-40-g8eb35efe60 (webtiles) character file.

Game seed: 14657253701119544866

746 littlecub the Stinger (level 7, -1/51 HPs)
             Began as a Merfolk Venom Mage on Feb 1, 2022.
             Slain by Duvessa (4 damage)
             ... on level 4 of the Dungeon.
             The game lasted 00:20:24 (6644 turns).

littlecub the Stinger (Merfolk Venom Mage)          Turns: 6644, Time: 00:20:24

Health: -1/51      AC:  3    Str:  8    XL:     7   Next: 77%
Magic:  2/11       EV: 14    Int: 17    God:
Gold:   255        SH:  0    Dex: 14    Spells: 3/12 levels left

rFire   . . .      SeeInvis .   p - +0 dagger (venom)
rCold   . . .      Faith    .   (no shield)
rNeg    . . .      Spirit   .   a - +1 robe
rPois   .          Reflect  .   (no helmet)
rElec   .          Harm     .   (no cloak)
rCorr   +          Rampage  .   (no gloves)
Will    +....                   (no boots)
Stlth   ++........              t - amulet of regeneration
HPRegen 0.97/turn               b - ring of willpower
MPRegen 0.12/turn               s - ring of resist corrosion

@: about to teleport
A: (nimble swimmer 2), mertail
a: no special abilities


You were on level 4 of the Dungeon.
You visited 1 branch of the dungeon, and saw 4 of its levels.
You also visited: Sewer.

You collected 255 gold pieces.

Inventory:

Hand Weapons
 p - a +0 dagger of venom (weapon)
Missiles
 i - 6 poisoned darts
 q - a throwing net
Armour
 a - a +1 robe (worn)
Jewellery
 b - a ring of willpower (left hand)
 s - a ring of resist corrosion (right hand)
 t - an amulet of regeneration (around neck)
Scrolls
 e - a scroll of identify {unknown}
 f - 3 scrolls of amnesia
 h - a scroll of enchant armour
 r - a scroll of vulnerability {unknown}
Potions
 d - a potion of flight {unknown}
 g - 3 potions of mutation {unknown}
 k - 2 potions of haste
 l - a potion of experience {unknown}
 m - a potion of degeneration {unknown}
 n - a potion of might {unknown}
 o - 3 potions of curing {unknown}


   Skills:
 + Level 2.7 Fighting
 + Level 4.7 Dodging
 - Level 2.1 Stealth
 + Level 3.3 Spellcasting
 + Level 1.6 Conjurations
 + Level 3.7 Transmutations
 + Level 0.2 Fire Magic
 * Level 2.5 Air Magic
 * Level 5.6 Poison Magic


You had 3 spell levels left.
You knew the following spells:

 Your Spells              Type           Power      Damage    Failure   Level
a - Sting                 Tmut/Pois      72%        1d6       2%          1
b - Poisonous Vapours     Pois/Air       32%        N/A       4%          2
c - Mephitic Cloud        Conj/Pois/Air  13%        N/A       13%         3
d - Ignite Poison         Fire/Tmut/Pois 13%        N/A       14%         3

Your spell library contained the following spells:

 Spells                   Type           Power      Damage    Failure   Level
 Conjure Flame            Conj/Fire      5%         6-21      34%         3
 Portal Projectile        Hex/Tloc       4%         N/A       45%         3
 Olgreb's Toxic Radiance  Pois           22%        N/A       16%         4
 Sticky Flame             Conj/Fire      5%         2d3       75%         4


Dungeon Overview and Level Annotations

Branches:
Dungeon (4/15)              Sewer (visited)
 Temple: D:4-7

Altars:
Dithmenos
Hepliaklqana

Shops:
D:4 *

Annotations:
D:4 3 runed translucent doors, Dowan; Duvessa; zazu2006's ghost, amateur NaWz


Innate Abilities, Weirdness & Mutations

((You are very nimble when in or above water. (Stealth+, EV+, Speed+++)))
Your lower body shifts to a powerful aquatic tail in water.


Message History

You are very lightly contaminated with residual magic.
Nothing appears to happen.
Duvessa misses you. Duvessa hits you with a +0 short sword.
Duvessa hits you with a +0 short sword.
Aiming: Sting (safe; 2% risk of failure)
Press: ? - help, Q - select action, (/) - cycle Shift-Dir - straight line, f/p - Duvessa
Aim: Duvessa, wielding a +0 short sword and wearing a +2 leather armour of cold resistance (moderately wounded, fast, poisoned, 77% to hit)
The sting hits Duvessa but does no damage.
Duvessa looks even sicker.
Duvessa is moderately wounded.
Duvessa hits you with a +0 short sword!
Aiming: Sting (safe; 2% risk of failure)
Press: ? - help, Q - select action, (/) - cycle Shift-Dir - straight line, f/p - Duvessa
Aim: Duvessa, wielding a +0 short sword and wearing a +2 leather armour of cold resistance (heavily wounded, fast, very poisoned, 77% to hit)
The sting hits Duvessa but does no damage.
Duvessa looks even sicker.
Duvessa is heavily wounded.
Duvessa hits you with a +0 short sword! Duvessa hits you with a +0 short sword.
Duvessa closely misses you.
Dowan casts a spell.
Dowan blinks!
Your magical contamination has completely faded away.
Duvessa hits you with a +0 short sword. Duvessa hits you with a +0 short sword.
Things that are here:
a +0 dagger; a +0 ring mail Dowan says, "Stay away from my face!"
Duvessa hits you with a +0 short sword. Duvessa completely misses you.
Duvessa hits you with a +0 short sword!
* * * LOW HITPOINT WARNING * * *
Found Zin's Purification Station.
As you read the scroll of teleportation, it crumbles to dust.
You feel strangely unstable. The ufetubus hits you.
* * * LOW HITPOINT WARNING * * *
The ufetubus closely misses you. Duvessa hits you with a +0 short sword!
* * * LOW HITPOINT WARNING * * *
The ufetubus hits you but does no damage.
The ufetubus barely misses you. Duvessa hits you with a +0 short sword.
You die...

########## .. ∩. #....)...#
.... #........# ##### #...
#........# ####...# ..#
#........# #..[...# #.#
#........# #......#
#.########....##
#......####.........÷...###
####...e.5@>.............).
#...).e..........#######
#)#..............#
#.#..............#
#.#..............#
#e#......#########
#.######## #.#########
#.....§...#


You could see Duvessa (fast, poisoned), Dowan and an ufetubus.

Vanquished Creatures
  Sigmund (D:2)
  Pargi (Sewer)
  A scorpion (D:4)
  A jelly (D:4)
  A gnoll shaman (D:4)
  3 iguanas
  An orc wizard (D:4)
  10 adders
  A howler monkey skeleton (D:4)
  3 gnolls (D:4)
  4 worms
  9 dart slugs
  8 orcs
  8 endoplasms
  5 giant cockroaches
  4 goblins
  12 hobgoblins
  6 jackals
  5 kobolds
  4 quokkas
  3 ball pythons
  9 bats
  6 frilled lizards
  6 rats
112 creatures vanquished.

Notes
Turn   | Place    | Note
-------+----------+-------------------------------------------
     0 | D:1      | littlecub the Merfolk Venom Mage began the quest for the
                  | Orb.
     0 | D:1      | Reached XP level 1. HP: 13/13 MP: 3/3
   477 | D:1      | Reached XP level 2. HP: 10/19 MP: 1/5
   751 | D:1      | Found a faded altar of an unknown god.
  1355 | D:2      | Reached XP level 3. HP: 23/25 MP: 0/6
  1972 | D:2      | Reached skill level 1 in Fighting
  2059 | D:2      | Reached skill level 4 in Poison Magic
  2127 | D:2      | Noticed Sigmund
  2131 | D:2      | Reached XP level 4. HP: 32/32 MP: 1/7
  2351 | D:1      | Learned a level 3 spell: Mephitic Cloud
  2354 | D:1      | Learned a level 2 spell: Poisonous Vapours
  2391 | D:2      | Killed Sigmund
  2392 | D:2      | Reached skill level 1 in Air Magic
  2392 | D:2      | Reached XP level 5. HP: 32/38 MP: 0/9
  2392 | D:2      | Reached XP level 6. HP: 37/44 MP: 0/10
  2642 | D:2      | Found a hazy altar of Hepliaklqana.
  2938 | D:3      | Found a shadowy altar of Dithmenos.
  3320 | D:3      | Found a glowing drain.
  3334 | Sewer    | Entered a sewer
  3380 | Sewer    | Noticed Pargi
  3438 | Sewer    | Killed Pargi
  3439 | Sewer    | Reached skill level 1 in Conjurations
  3439 | Sewer    | Reached skill level 5 in Poison Magic
  4504 | D:3      | Reached XP level 7. HP: 50/50 MP: 7/11
  5953 | D:4      | Learned a level 3 spell: Ignite Poison
  5989 | D:4      | Found a runed translucent gate.
  5989 | D:4      | Found a runed translucent gate.
  5990 | D:4      | Found a runed translucent gate.
  5991 | D:4      | Noticed zazu2006's ghost (amateur NaWz)
  6344 | D:4      | Got the Tome of Fiery Translocation
  6597 | D:4      | Noticed Duvessa
  6610 | D:4      | Noticed Dowan
  6643 | D:4      | Found Zin's Purification Station.
  6644 | D:4      | Slain by Duvessa

Illustrated notes

Levels and vault maps discovered:
D:1:      minmay_arrival_stone_box, layout_basic,
          hellmonk_ecumenical_altar_leap_of_faith
D:2:      layout_basic, basic_altar, minmay_close_crescents, uniq_sigmund
D:3:      layout_loops_ring, grunt_dithmenos_smoke_and_mirrors,
          portal_sewer_entry_b, dk_vineyard_1, minmay_pentangle
D:4:      kennysheep_slugbush, layout_basic, zin_purify,
          gammafunk_ghost_necromancy, uniq_duvessa

Skill      XL: |  1  2  3  4  5  6  7 |
---------------+----------------------+-----
Dodging        | 3 4 |  4.7
Transmutations | 2 3 |  3.7
Fighting       | 1 2 |  2.7
Poison Magic   | 4 5 |  5.6
Air Magic      | 1 2 |  2.5
Spellcasting   | 3 |  3.3
Conjurations   | 1 |  1.6
Stealth        | |  2.1
Fire Magic     | |  0.2

Action                   |  1- 3 |  4- 6 |  7- 9 || total
-------------------------+-------+-------+-------++-------
Melee: Dagger            |    21 |       |    64 ||    85
       Punch             |     1 |       |     2 ||     3
       Hand axe          |    19 |     9 |       ||    28
       Tailslap          |       |       |     5 ||     5
Throw: Dart              |       |     3 |       ||     3
 Cast: Sting             |    56 |    72 |    50 ||   178
       Poisonous Vapours |       |    30 |    30 ||    60
       Mephitic Cloud    |       |       |     5 ||     5
  Use: Scroll            |       |       |     5 ||     5
 Stab: Sleeping          |     3 |       |       ||     3
Armor: Robe              |     8 |     3 |    10 ||    21
Dodge: Dodged            |    41 |    37 |    57 ||   135

Table legend: (Time is in decaauts)
 A = Elapsed time spent in this place.
 B = Non-inter-level travel time spent in this place.
 C = Inter-level travel time spent in this place.
 D = Time resting spent in this place.
 E = Time spent auto-exploring this place.
 F = Levels seen in this place.
 G = Mean time per level.
                   A        B        C        D        E       F      G
               +--------+--------+--------+--------+--------+-----+--------+
         Total |   6615 |   6502 |    113 |    678 |   4734 |   5 | 1323.0 |
       Dungeon |   6376 |   6263 |    113 |    653 |   4571 |   4 | 1594.0 |
         Sewer |    239 |    239 |      0 |     25 |    163 |   1 |  239.0 |
               +--------+--------+--------+--------+--------+-----+--------+

Top non-repeatable levels by time:
     D:3: 1948 daAuts
     D:2: 1627 daAuts
     D:4: 1547 daAuts
     D:1: 1253 daAuts
   Sewer: 239 daAuts
